 Dungeon Crawl Stone Soup version 0.26-a0-18-g135ff06667 (console) character file.

Game seed: 2552461509599590287, levelgen mode: deterministic

25 Garrluk the Chopper (level 2, -1/27 HPs)
             Began as a Deep Dwarf Berserker on May 25, 2020.
             Was a Follower of Trog.
             Shot with an arrow by a centaur (9 damage)
             ... on level 2 of the Dungeon.
             The game lasted 00:01:18 (146 turns).

Garrluk the Chopper (Deep Dwarf Berserker)           Turns: 146, Time: 00:01:19

Health: -1/27      AC:  2    Str: 20    XL:     2   Next: 82%
Magic:  2/2        EV: 12    Int:  7    God:    Trog [*.....]
Gold:   10         SH:  0    Dex: 12    Spells: 1/1 levels left

rFire    . . .     SeeInvis .   a - +0 hand axe
rCold    . . .     Gourm    .   (no shield)
rNeg     . . .     Faith    .   b - +0 animal skin
rPois    .         Spirit   .   (no helmet)
rElec    .         Reflect  .   (no cloak)
rCorr    .         Harm     .   (no gloves)
MR       .....     Rnd*Tele +   (no boots)
Stlth    +.........             (no amulet)
HPRegen  0.00/turn              f - ring of teleportation (curse)
MPRegen  0.08/turn              (no ring)

@: non-regenerating
A: damage resistance, heal wounds, sense surroundings 1, no regeneration
a: Heal Wounds, Berserk, Renounce Religion


You were on level 2 of the Dungeon.
You worshipped Trog.
Trog was aware of your devotion.
You were not hungry.

You visited 1 branch of the dungeon, and saw 2 of its levels.

You collected 10 gold pieces.

Notes
Turn   | Place    | Note
-------+----------+-------------------------------------------
     0 | D:1      | Garrluk the Deep Dwarf Berserker began the quest for the
                  | Orb.
     0 | D:1      | Reached XP level 1. HP: 20/20 MP: 1/1
    87 | D:2      | Reached skill level 4 in Axes
    87 | D:2      | Reached XP level 2. HP: 27/27 MP: 2/2
   143 | D:2      | Noticed a centaur
   146 | D:2      | Shot with an arrow by a centaur

Inventory:

Hand Weapons
 a - a +0 hand axe (weapon)
Armour
 b - a +0 animal skin (worn)
Jewellery
 f - a cursed ring of teleportation (left hand)
   (You found it on level 2 of the Dungeon)
Wands
 j - a wand of disintegration (13)
   (You found it on level 2 of the Dungeon)
Scrolls
 e - a scroll of enchant armour {unknown}
 h - 2 scrolls of identify {unknown}
Potions
 d - a potion of might {unknown}
 i - 4 potions of curing {unknown}
Comestibles
 c - a ration
 g - 5 chunks of flesh

Table legend:
 A = Turns spent in this place as a percentage of turns spent in the entire game.
 B = Non-inter-level travel turns spent in this place as a percentage of non-inter-level travel turns spent in the entire game.
 C = Inter-level travel turns spent in this place as a percentage of turns spent in this place.
 D = Turns resting spent in this place as a percentage of non-inter-level travel turns spent in this place.
 E = Turns spent auto-exploring this place as a percentage of non-inter-level travel turns spent in this place.
 F = Non-inter-level travel turns spent in this place divided by the number of levels of this place that you've seen.
                   A       B       C       D       E      F
               +-------+-------+-------+-------+-------+----------------------
         Total | 100.0 | 100.0 |   0.0 |   0.0 |  12.3 |  73.0
       Dungeon | 100.0 | 100.0 |   0.0 |   0.0 |  12.3 |  73.0
               +-------+-------+-------+-------+-------+----------------------


   Skills:
 - Level 2.6 Fighting
 + Level 4.5 Axes
 - Level 2.1 Armour
 - Level 2.1 Dodging


You had one spell level left.
You didn't know any spells.
Your spell library was empty.

Dungeon Overview and Level Annotations

Branches:
Dungeon (2/15)

Altars:


Innate Abilities, Weirdness & Mutations

You are resistant to damage.
You can heal yourself by infusing magical energy.
You passively map a small area around you.
You do not regenerate.


Message History

Things that are here:
a +0 club; 24 stones; a hobgoblin skeleton A rat comes into view.
The rat moves out of view.
You recover from your berserk rage.
You see here 2 fizzy yellow potions.
i - 4 fizzy yellow potions (gained 2)
You slash the rat!
You kill the rat!
Trog accepts your kill.
You see here a rat corpse.
j - a wand of disintegration (13)
A centaur comes into view.
The centaur shouts!
The centaur wields a +0 shortbow.
The centaur shoots an arrow.
The arrow misses you.
The centaur shoots an arrow.
The arrow hits you!
* * * LOW HITPOINT WARNING * * *
You see here an arrow.
The centaur shoots an arrow.
The arrow hits you!
You die...

.........###...##
#<.........###..#
#..#.........##.##
...#..######..#†.#
..##.##.......##.##
..#..#..()....(#..#
..#..#..##[..÷.#..#
..#..#..##(.#(.#..#
#.#..#......#..#..#
#.##.##....##.##.(#
...#..######..#.@.#
...##........##.#.#
#...###....###..#.#
###...######.....c#
##..........##.##
#.##.####.. . ##
#....# #.#*##
..#####.# #.#
...###.####.#
#..##......#
#<.####..##


You could see a centaur.

Table legend:
 A = Kills in this place as a percentage of kills in entire the game.
 B = Kills by you in this place as a percentage of kills by you in the entire game.
 C = Kills by friends in this place as a percentage of kills by friends in the entire game.
 D = Other kills in this place as a percentage of other kills in the entire game.
 E = Experience gained in this place as a percentage of experience gained in the entire game.
 F = Experience gained in this place divided by the number of levels of this place that you have seen.
                   A       B       C       D       E      F
               +-------+-------+-------+-------+-------+----------------------
         Total | 100.0 | 100.0 |   N/A |   N/A | 100.0 |  18.0
       Dungeon | 100.0 | 100.0 |   N/A |   N/A | 100.0 |  18.0
               +-------+-------+-------+-------+-------+----------------------

Vanquished Creatures
  Monster Symbol All 'Z'
  A howler monkey skeleton (D:2)
1 creature vanquished. All 'g' A goblin (D:2) 3 hobgoblins (D:2)
4 creatures vanquished. All 'h' A jackal (D:2)
1 creature vanquished. All 'l' A frilled lizard (D:2)
1 creature vanquished. All 'r' 2 rats (D:2)
2 creatures vanquished. All 'w' A worm (D:2) A dart slug (D:2)
2 creatures vanquished.
11 creatures vanquished. Monster Nature Natural Monsters A worm (D:2) A dart slug (D:2) A goblin (D:2) 3 hobgoblins (D:2) A jackal (D:2) A frilled lizard (D:2) 2 rats (D:2)
10 creatures vanquished. Undead Monsters A howler monkey skeleton (D:2)
1 creature vanquished.
11 creatures vanquished. Ascending Order A howler monkey skeleton (D:2) A worm (D:2) A dart slug (D:2) A jackal (D:2) A goblin (D:2) A frilled lizard (D:2) 2 rats (D:2) 3 hobgoblins (D:2)
11 creatures vanquished.

Action                   || total
-------------------------++-------
Melee: Hand axe          ||    18
Invok: Berserk           ||     1
Armor: Animal skin       ||     1
Dodge: Dodged            ||    11
